 Dungeon Crawl Stone Soup version 0.32-a0-530-gb6d6f0d0ac (webtiles) character file.

Game seed: 12352503562009359755

142142 GordonOverkill the Severer (level 17, -1/213 HPs)
             Began as a Coglin Delver on Feb 27, 2024.
             Was a High Priest of Trog.
             Killed by divine providence
             ... invoked by an orc priest
              (12 damage)
             ... on level 2 of the Orcish Mines.
             The game lasted 00:44:16 (28315 turns).

GordonOverkill the Severer (Coglin Delver)         Turns: 28315, Time: 00:44:16

Health: -1/213     AC: 29    Str: 23    XL:     17   Next: 34%
Magic:  5/5        EV: 16    Int: 10    God:    Trog [*****.]
Gold:   3929       SH:  0    Dex: 25    Spells: 16/16 levels left

rFire   + . .        F - +5 war axe (flame) {Carlos}
rCold   + . .        w - +5 broad axe (antimagic) {Yejun}
rNeg    . . .        R - +5 chain mail of Card Tricks {Dex+4}
rPois   +            N - +2 helmet
rElec   .            I - +0 cloak
rCorr   .            a - +3 pair of gauntlets of War {Slay+5}
SInv    .            i - +1 pair of boots
Will    +++..        h - amulet of Odwoskix {Acrobat rPois Str+3 Dex+5} Stlth
                     (ring unavailable)
HPRegen 1.55/turn    (ring unavailable)
MPRegen 0.09/turn

%: acrobat
@: berserking, strong-willed, spiked, regenerating, revved, very quick
A: cold resistance 1, fire resistance 1, off-hand wielding, slow wielding,
warmup strikes, no rings, inability to drink after injury 1
a: Renounce Religion, Berserk, Trog's Hand, Brothers in Arms


You were on level 2 of the Orcish Mines.
You worshipped Trog.
Trog was extremely pleased with you.
You visited 3 branches of the dungeon, and saw 22 of its levels.
You visited the Abyss 2 times.
You also visited: Ice Cave and Volcano.

You collected 4090 gold pieces.
You spent 161 gold pieces at shops.

Inventory:

Hand Weapons
 b - a +2 broad axe of flaming {Nari}
 w - a +5 antimagic broad axe (offhand) {Yejun}
 F - a +5 war axe of flaming (weapon) {Carlos}
Missiles
 H - 3 throwing nets (quivered)
 Q - 4 curare-tipped darts
Armour
 a - the +3 pair of gauntlets of War (worn) {Slay+5}
   (You found it in a volcano)

   Slay+5:    It affects your accuracy & damage with ranged weapons and melee
   (+5).
 i - a +1 pair of boots (worn)
 p - a scarf of resistance
 I - a +0 cloak (worn)
 N - a +2 helmet (worn)
 R - the +5 chain mail of Card Tricks (worn) {Dex+4}
   (You found it on level 15 of the Dungeon)

   Dex+4:     It affects your dexterity (+4).
Jewellery
 h - the amulet of Odwoskix (around neck) {Acrobat rPois Str+3 Dex+5}
   (You found it in an ice cave)

   [amulet of the acrobat]

   Acrobat:   It increases your evasion while moving and waiting.
   Str+3:     It affects your strength (+3).
   Dex+5:     It affects your dexterity (+5).
   rPois:     It protects you from poison
Wands
 g - a wand of digging (2)
 C - a wand of polymorph (29)
 J - a wand of paralysis (13)
 L - a wand of acid (25)
 O - a wand of warping (9)
 P - a wand of flame (29)
Scrolls
 c - 3 scrolls of fog
 d - 3 scrolls of revelation
 k - 2 scrolls of poison
 n - 2 scrolls of immolation
 r - 8 scrolls of teleportation
 x - a scroll of noise
 y - 4 scrolls of identify
 D - 3 scrolls of fear
 E - a scroll of torment
 K - 3 scrolls of blinking
Potions
 e - 5 potions of degeneration
 f - 4 potions of haste
 l - 5 potions of might
 m - a potion of ambrosia
 o - 5 potions of invisibility
 q - 10 potions of curing
 s - 2 potions of attraction
 u - 5 potions of enlightenment
 z - 4 potions of mutation
 A - 5 potions of resistance
 B - 13 potions of heal wounds
 G - 5 potions of cancellation
 M - 2 potions of magic
 S - a potion of berserk rage
 T - 3 potions of brilliance
Miscellaneous
 j - a phantom mirror
 v - a lightning rod (4/4)


   Skills:
 - Level 15.0 Fighting
 - Level 20.0 Axes
 + Level 12.6 Armour
 - Level 10.0 Dodging
 - Level 4.1 Stealth
 - Level 10.0 Evocations


You had 16 spell levels left.
You didn't know any spells.
Your spell library contained the following spells:

 Spells                   Type           Power      Damage    Failure   Level
 Kiss of Death            Conj/Necr      0%         2d5       83%         1
 Shock                    Conj/Air       0%         1d3       83%         1
 Slow                     Hex            0%         N/A       83%         1
 Ensorcelled Hibernation  Hex/Ice        0%         N/A       93%         2
 Confusing Touch          Hex            0%         N/A       99%         3
 Dazzling Flash           Conj/Hex       0%         N/A       99%         3
 Passwall                 Erth           0%         N/A       99%         3
 Sigil of Binding         Hex            0%         N/A       99%         3
 Swiftness                Air            0%         N/A       99%         3
 Vampiric Draining        Necr           0%         2d6       99%         3
 Volatile Blastmotes      Fire/Tloc      0%         2d10      99%         3
 Airstrike                Air            0%         2d(0-16)  100%        4
 Dispel Undead            Necr           0%         3d6       100%        4
 Starburst                Conj/Fire      0%         6d3       100%        6
 Maxwell's Capacitive Co  Air            0%         ∞         100%        8


Dungeon Overview and Level Annotations

Branches:
Dungeon (15/15)            Temple (0/1) D:6            Lair (5/5) D:11
 Shoals (0/4) Lair:2        Snake (0/4) Lair:3        Slime (0/5) Lair:5
    Orc (2/2) D:10            Elf (0/3) Orc:2        Vaults (0/5) D:13
 Depths (0/4) D:15          IceCv (visited)         Volcano (visited)

Altars:
Cheibriados
Dithmenos
Fedhas
Gozag
Kikubaaqudgha
Makhleb
Nemelex Xobeh
Qazlal
Sif Muna
Trog
Vehumet
Wu Jian
Xom
Yredelemnul
Zin
Beogh

Shops:
D:1 ([(   D:8 :   D:10 *   D:12 :

Annotations:
D:3 2 transporters
D:11 1 runed translucent door


Innate Abilities, Weirdness & Mutations

Your flesh is cold resistant. (rC+)
Your flesh is heat resistant. (rF+)
You can wield a second weapon in your off-hand.
It takes a long time for you to wield or remove held weapons.
Your first few attacks do less damage.
Your grasper-arms cannot wear rings.
You occasionally lose the ability to drink potions when taking damage.


Message History

You slash the orc priest with your +5 antimagic broad axe!
You slice the orc priest with your +5 war axe of flaming!!
You burn the orc priest.
You feel the power of Trog in you as your rage grows.
You kill the orc priest!
Trog accepts your kill.
You slash the orc knight with your +5 war axe of flaming!
You burn the orc knight.
You feel the power of Trog in you as your rage grows.
You kill the orc knight!
Trog accepts your kill.
Okay, then.
The orc warrior misses you. x2
The orc priest mumbles some strange prayers to Beogh against you.
Beogh smites you!
* * * LOW HITPOINT WARNING * * *
The barbed spikes dig painfully into your body as you move.
* * * LOW HITPOINT WARNING * * *
You feel a strong urge to attack something.
Items here: ))))))) [[[[[[ ††.
The barbed spikes dig painfully into your body as you move.
* * * LOW HITPOINT WARNING * * *
The orc warrior no longer looks unusually strong.
The orc priest no longer looks unusually strong.
The orc priest mumbles some strange prayers to Beogh against you.
Beogh smites you!
* * * LOW HITPOINT WARNING * * *
The orc barely misses you.
You slash the orc with your +5 war axe of flaming!
You burn the orc.
You kill the orc!
Trog accepts your kill.
You slash the orc with your +5 war axe of flaming!
You burn the orc.
You kill the orc!
Trog accepts your kill.
The orc sorcerer no longer looks unusually strong.
The orc priest calls down the wrath of Beogh upon you.
Beogh smites you!
You die...

................#
................#
.#.............. ..#
#...............# ...#
#...............######...#
..).............#.........
)...............#.........
.#........................
................@)ooo.....
................))))o.....
........$......))))o.o....
.............)).)))o.o4...
..>.........)).)#)........
.............)).#....o....
..........)))$..######...#
..............## ...#
#.............# ..#


You could see 2 orc sorcerers, a chaos spawn (summoned), 2 orc warriors, 3 orc
priests, an orc wizard and an orc (strong).

Vanquished Creatures
  A bone dragon (Abyss:2)
  The ghost of temujin the Thaumaturge, a journeyman OnCj of Sif Muna (Orc:1)
  An orc warlord (Orc:2)
  A very ugly thing (D:14)
  Nessos (D:13)
  A lorocyproca (Abyss:2)
  The ghost of Veeruq the Blocker, a journeyman DsFi of Okawaru (Lair:4)
  Snorg (Lair:5)
  An entropy weaver (shapeshifter) (D:14)
  Harold (D:9)
  A rakshasa (D:15)
  2 ice dragons
  4 hydras
  2 ogre magi (D:15)
  The ghost of Ocvoas the Carver, a journeyman AtWr of Hepliaklqana (Lair:1)
  3 catoblepae
  7 centaur warriors
  6 two-headed ogres
  2 boulder beetles
  An occultist (D:14)
  3 thrashing horrors (Abyss:2)
  Urug (D:13)
  21 death yaks
  3 orc high priests (Orc:2)
  Sonja (D:11)
  A sun demon (D:15)
  A hell knight (Volcano)
  3 wretched stars (Abyss:2)
  A sixfirhy (D:15)
  A skyshark (Lair:3)
  A deep elf knight (D:15)
  5 fire crabs (D:15)
  3 skeletal warriors (D:14)
  Lodul (D:13)
  A glowing orange brain (Abyss:2)
  A swamp dragon (Lair:5)
  2 arcanists (D:15)
  2 thermic dynamos (D:15)
  3 orc knights (Orc:2)
  A steelbarb worm (shapeshifter) (D:15)
  A lindwurm (Lair:5)
  A harpy (shapeshifter) (D:14)
  4 deep elf pyromancers
  9 ugly things
  Pikel (D:6)
  A salamander (D:15)
  3 deep elf zephyrmancers (D:15)
  3 orc sorcerers (Orc:2)
  A wolf spider (Lair:5)
  3 manticores
  Maurice (D:10)
  5 cyclopes
  13 elephants
  13 black mambas
  5 kobold blastminers
  A molten gargoyle (D:15)
  A merfolk siren (Lair:2)
  A meliai (D:13)
  A torpor snail (Lair:4)
  A guardian serpent (Lair:5)
  3 rust devils
  2 ice statues (IceCv)
  Maggie (D:6)
  5 gargoyles
  2 large abominations (Abyss:2)
  20 cane toads
  7 yaktaurs
  A dire elephant skeleton (Abyss:2)
  An unseen horror (D:11)
  11 komodo dragons
  3 tengu conjurers
  A freezing wraith (D:14)
  2 efreet
  7 rime drakes
  Psyche (D:9)
  4 trolls
  Grinder (D:5)
  2 wolf spider simulacra (D:15)
  5 hornets
  A raiju (shapeshifter) (D:15)
  7 dream sheep (Lair:5)
  5 polar bears
  4 raiju
  15 blink frogs
  A stone giant simulacrum (Abyss:2)
  10 slime creatures
  2 shadows
  4 wraiths
  A yak (shapeshifter) (D:14)
  54 yaks
  17 humans
  3 hogs (D:8)
  14 wyverns
  A basilisk (shapeshifter) (D:15)
  7 basilisks
  3 wargs
  5 steam dragons
  A chaos spawn (Abyss:2)
  A neqoxec (Abyss:2)
  3 redbacks (Lair:5)
  4 vampire mosquitoes (D:13)
  A redback (shapeshifter) (D:15)
  5 acid dragons
  31 water moccasins
  3 meliai simulacra (D:15)
  2 swamp drakes (Lair:5)
  22 orc warriors
  5 sky beasts
  4 black bears
  2 ice beasts
  10 ogres
  3 boggarts
  3 laughing skulls
  15 wolves
  16 centaurs
  2 lemures (D:6)
  A phantom (D:5)
  2 kobold brigands
  13 bullfrogs
  2 gnoll sergeants
  A scorpion (D:5)
  13 wights
  2 lindwurm simulacra (IceCv)
  3 electric eels
  2 vampire bats (D:7)
  A bombardier beetle (D:5)
  5 howler monkeys
  4 crimson imps (D:6)
  2 komodo dragon simulacra (IceCv)
  A jelly (D:3)
  28 orc priests
  6 hounds
  2 sleepcaps
  A starcursed mass (Abyss:2)
  4 iguanas
  17 orc wizards
  5 gnolls (D:10)
  9 acid dragon simulacra (IceCv)
  4 adders
  A shadow imp (D:7)
  2 white imps
  4 ufetubi
  8 steam dragon simulacra (IceCv)
  A dart slug (D:4)
  A ribbon worm (shapeshifter) (D:14)
  59 orcs
  A bat skeleton (D:7)
  3 bat zombies (D:7)
  7 endoplasms
  6 giant cockroaches
  5 goblins
  4 hobgoblins
  3 jackals (D:5)
  18 kobolds
  4 quokkas
  7 ball pythons
  4 bats
  2 frilled lizards
  5 rats
803 creatures vanquished.

Vanquished Creatures (others)
  A hell knight (D:15)
  A rime drake (IceCv)
  2 orcs (D:6)
4 creatures vanquished.

Grand Total: 807 creatures vanquished

Notes
Turn   | Place    | Note
-------+----------+-------------------------------------------
     0 | D:5      | GordonOverkill the Coglin Delver began the quest for the
                  | Orb.
     0 | D:5      | Reached XP level 1. HP: 18/18 MP: 1/1
     1 | D:6      | Noticed an ice beast
    46 | D:4      | Found a sparkling altar of Nemelex Xobeh.
   149 | D:3      | Noticed an ice beast
   149 | D:3      | Found a glowing silver altar of Zin.
   149 | D:3      | Found a burning altar of Makhleb.
   149 | D:3      | Found a snail-covered altar of Cheibriados.
   151 | D:3      | Found a transporter.
   162 | D:3      | Found a transporter.
   197 | D:3      | Reached XP level 2. HP: 20/24 MP: 2/2
   198 | D:3      | Reached skill level 1 in Evocations
   228 | D:3      | Reached skill level 3 in Axes
   228 | D:3      | Reached XP level 3. HP: 29/29 MP: 3/3
   308 | D:3      | Reached skill level 4 in Axes
   308 | D:3      | Reached XP level 4. HP: 21/35 MP: 4/4
  1208 | D:1      | Found a faded altar of an unknown god.
  1285 | D:1      | Reached XP level 5. HP: 41/41 MP: 5/5
  1408 | D:1      | Found Roogor's Antique Weapon Boutique.
  1431 | D:1      | Found Tiuqonu's Weapon Emporium.
  1489 | D:1      | Found Ypoj's Armour Shoppe.
  1497 | D:1      | Bought a +0 pair of gloves for 49 gold pieces
  2009 | D:3      | Found a basalt altar of Yredelemnul.
  2202 | D:4      | Reached skill level 5 in Axes
  2397 | D:4      | Found a shadowy altar of Dithmenos.
  2480 | D:4      | Noticed an ogre
  2483 | D:4      | Killed an ogre
  2484 | D:4      | Reached skill level 6 in Axes
  2484 | D:4      | Reached XP level 6. HP: 47/47 MP: 6/6
  2853 | D:5      | Found a radiant altar of Vehumet.
  2859 | D:5      | Reached skill level 7 in Axes
  2905 | D:5      | Reached XP level 7. HP: 41/52 MP: 7/7
  3427 | D:5      | Reached skill level 8 in Axes
  3587 | D:5      | Noticed Grinder
  3592 | D:5      | Paralysed by Grinder for 4 turns
  3598 | D:5      | Killed Grinder
  3599 | D:5      | Reached skill level 9 in Axes
  3599 | D:5      | Reached XP level 8. HP: 36/58 MP: 8/8
  3874 | D:6      | Noticed Maggie
  3875 | D:6      | Found a staircase to the Ecumenical Temple.
  3887 | D:6      | Killed Maggie
  3888 | D:6      | Reached skill level 10 in Axes
  3906 | D:6      | Reached skill level 5 in Fighting
  4312 | D:5      | Reached XP level 9. HP: 66/69 MP: 9/9
  4511 | D:6      | Noticed Pikel
  4522 | D:6      | Killed Pikel
  4523 | D:6      | Reached skill level 11 in Axes
  4780 | D:6      | Found a shimmering altar of Xom.
  4884 | D:6      | Found a bloodstained altar of Trog.
  4924 | D:6      | Became a worshipper of Trog the Wrathful
  5213 | D:7      | Found a stormy altar of Qazlal.
  5218 | D:7      | Found a blossoming altar of Fedhas.
  5234 | D:7      | Reached skill level 12 in Axes
  5473 | D:7      | Noticed a two-headed ogre
  5474 | D:7      | Noticed a two-headed ogre
  5699 | D:6      | Killed a two-headed ogre
  5700 | D:6      | Reached skill level 13 in Axes
  5700 | D:6      | Reached XP level 10. HP: 10/76 MP: 10/10
  5928 | D:7      | Killed a two-headed ogre
  6211 | D:7      | Found an ornate altar of the Wu Jian Council.
  6469 | D:7      | Found an ancient bone altar of Kikubaaqudgha.
  6471 | D:7      | Reached * piety under Trog
  6787 | D:8      | Reached skill level 14 in Axes
  7101 | D:9      | Noticed Harold
  7116 | D:9      | Killed Harold
  7515 | D:9      | Paralysed by a hornet for 3 turns
  7522 | D:9      | Reached skill level 15 in Axes
  7527 | D:9      | Reached XP level 11. HP: 38/81 MP: 11/11
  7917 | D:9      | Found an opulent altar of Gozag.
  7953 | D:9      | Reached skill level 16 in Axes
  8453 | D:9      | Noticed Psyche
  8457 | D:9      | Killed Psyche
  8576 | D:8      | Reached ** piety under Trog
  9127 | D:8      | Found Orhom's Book Shoppe.
  9337 | D:8      | Identified the +4 ring mail "Nianihuz" {Rampage rC+ Int+5
                  | Dex+2}
  9615 | D:10     | Entered Level 10 of the Dungeon
  9641 | D:10     | Found Etoerr's General Store.
  9646 | D:10     | Bought a scroll of blinking for 112 gold pieces
  9841 | D:10     | Found a staircase to the Orcish Mines.
 10120 | D:10     | Identified the +2 leather armour of Analysis {Dex+2 Slay+5}
 10246 | D:10     | Noticed Maurice
 10255 | D:10     | Killed Maurice
 10416 | D:10     | Paralysed by a hornet for 1 turns
 10753 | D:11     | Found a runed translucent door.
 10756 | D:11     | Noticed an anaconda
 10757 | D:11     | Noticed an anaconda
 10794 | D:11     | Reached skill level 10 in Fighting
 10794 | D:11     | Reached skill level 1 in Armour
 10977 | D:11     | Noticed a skyshark
 10980 | D:11     | Noticed a skyshark
 10980 | D:11     | Noticed a skyshark
 10999 | D:11     | Noticed a skyshark
 11002 | D:11     | Found the +2 pair of slick slippers {slick, slippery, EV+4}
 11036 | D:11     | Found a shimmering blue altar of Sif Muna.
 11056 | D:11     | Reached XP level 12. HP: 97/97 MP: 12/12
 11137 | D:11     | Found a staircase to the Lair.
 11498 | D:12     | Noticed a centaur warrior
 11507 | D:12     | Killed a centaur warrior
 11508 | D:12     | Reached skill level 5 in Armour
 12290 | D:11     | Noticed a two-headed ogre
 12298 | D:11     | Killed a two-headed ogre
 12448 | D:11     | Noticed Sonja
 12453 | Abyss:1  | Cast into level 1 of the Abyss (Sonja)
 12465 | D:11     | Escaped the Abyss
 12474 | D:11     | Killed Sonja
 13239 | D:12     | Noticed a two-headed ogre
 13244 | D:12     | Killed a two-headed ogre
 13358 | D:12     | Found Ydghol's Book Boutique.
 13515 | Lair:1   | Entered Level 1 of the Lair of Beasts
 13522 | Lair:1   | Found a runed translucent gate.
 13522 | Lair:1   | Found a runed translucent gate.
 13522 | Lair:1   | Found a runed translucent gate.
 13527 | Lair:1   | Noticed Ocvoas's ghost (journeyman AtWr)
 13650 | Lair:1   | You fall into a shaft and drop 1 floor!
 14242 | Lair:2   | Noticed a four-headed hydra
 14248 | Lair:2   | Killed a two-headed hydra
 14249 | Lair:2   | Reached skill level 5 in Dodging
 14334 | Lair:2   | Gained mutation: Your flesh is cold resistant. (rC+)
                  | [Coglin growth]
 14334 | Lair:2   | Gained mutation: Your flesh is heat resistant. (rF+)
                  | [Coglin growth]
 14334 | Lair:2   | Reached XP level 13. HP: 103/103 MP: 13/13
 14338 | Lair:2   | Reached skill level 5 in Evocations
 14857 | Lair:1   | Found the +7 great mace "Firestarter" {flame, immolate,
                  | rFlCloud rF++}
 15140 | Lair:1   | Reached *** piety under Trog
 15813 | Lair:1   | Killed Ocvoas's ghost
 15814 | Lair:1   | Reached skill level 17 in Axes
 16690 | Lair:2   | Found a staircase to the Shoals.
 16934 | Lair:3   | Found a dark tunnel.
 16941 | Volcano  | Entered a volcano
 17341 | Volcano  | Reached skill level 18 in Axes
 17675 | Volcano  | Found a bloodstained altar of Trog.
 17678 | Volcano  | Found the +3 pair of gauntlets of War {Slay+5}
 17830 | Lair:3   | Found a staircase to the Snake Pit.
 18125 | Lair:3   | Reached XP level 14. HP: 113/113 MP: 14/14
 18141 | Lair:3   | Reached **** piety under Trog
 18803 | Lair:3   | Identified a scroll of acquirement
 18803 | Lair:3   | Acquired 711 gold pieces
 19023 | Lair:4   | Found a runed translucent gate.
 19024 | Lair:4   | Found a runed translucent gate.
 19024 | Lair:4   | Noticed Veeruq's ghost (journeyman DsFi)
 19025 | Lair:4   | Found a runed translucent gate.
 19120 | Lair:4   | Reached skill level 19 in Axes
 19933 | Lair:4   | Killed Veeruq's ghost
 19938 | Lair:4   | Reached skill level 20 in Axes
 20098 | Lair:5   | Entered Level 5 of the Lair of Beasts
 20143 | Lair:5   | Reached XP level 15. HP: 120/120 MP: 15/15
 20150 | Lair:5   | Reached ***** piety under Trog
 20550 | Lair:5   | Reached skill level 10 in Armour
 20577 | Lair:5   | Identified the +0 leather armour "Giehoekh" {Will+}
 21039 | Lair:5   | Noticed Snorg
 21046 | Lair:5   | Killed Snorg
 21046 | Lair:5   | Received a gift from Trog
 22257 | Lair:5   | Found a staircase to the Slime Pits.
 22879 | D:13     | Noticed Lodul
 22891 | D:13     | Killed Lodul
 22913 | D:13     | Noticed Nessos
 22924 | D:13     | Killed Nessos
 22968 | D:13     | Found a frozen archway.
 22984 | IceCv    | Entered an ice cave
 23628 | IceCv    | Identified the +6 ice dragon scales "Pariack" {Harm rF-
                  | rC++ Int+2}
 23656 | IceCv    | Identified the amulet of Odwoskix {Acrobat rPois Str+3
                  | Dex+5}
 23875 | D:13     | Noticed Urug
 23886 | D:13     | Killed Urug
 23904 | D:13     | Found a gate to the Vaults.
 24016 | D:13     | Reached XP level 16. HP: 132/132 MP: 16/16
 24307 | Abyss:2  | Cast into level 2 of the Abyss (an occultist)
 24310 | Abyss:2  | Found a corrupted altar of Lugonu.
 24445 | Abyss:2  | Gained mutation: You occasionally lose the ability to drink
                  | potions when taking damage. [a neqoxec]
 24544 | Abyss:2  | Found a corrupted altar of Lugonu.
 24647 | Abyss:2  | Reached skill level 15 in Fighting
 24670 | Abyss:2  | Noticed a bone dragon
 24685 | Abyss:2  | Killed a bone dragon
 24685 | Abyss:2  | Received a gift from Trog
 24688 | D:14     | Escaped the Abyss
 25543 | D:15     | Entered Level 15 of the Dungeon
 25801 | D:15     | Identified the staff "Leviticus" {rF+ Int+5 Fire}
 25865 | D:15     | Found a staircase to the Depths.
 26196 | D:15     | Identified the staff "Ystru" {rElec rF+ rN++ MP+9 Str-5
                  | Fire}
 26636 | D:15     | Reached skill level 10 in Dodging
 26872 | D:15     | Received a gift from Trog
 26913 | D:15     | Reached XP level 17. HP: 141/142 MP: 5/17
 26916 | D:15     | Identified the +5 chain mail of Card Tricks {Dex+4}
 27430 | Orc:1    | Entered Level 1 of the Orcish Mines
 27639 | Orc:1    | Found a runed translucent door.
 27644 | Orc:1    | Noticed temujin's ghost (journeyman OnCj)
 27774 | Orc:1    | Found a roughly hewn altar of Beogh.
 27977 | Orc:1    | Killed temujin's ghost
 27999 | Orc:2    | Entered Level 2 of the Orcish Mines
 28221 | Orc:2    | Reached skill level 10 in Evocations
 28221 | Orc:2    | Found a staircase to the Elven Halls.
 28275 | Orc:2    | Received a gift from Trog
 28315 | Orc:2    | Killed from afar by an orc priest

Illustrated notes

Levels and vault maps discovered:
D:1:      dpeg_arrival_rhombi, layout_loops_ring, serial_shops, shop,
          nicolae_shop_getting_attention, nicolae_shop_dealshenge,
          chequers_ecumenical_altar_simple
D:2:      minmay_door_path, layout_basic
D:3:      layout_rooms, gammafunk_temple_overflow_arena,
          mainiacjoe_overflow_alcove_2
D:4:      layout_loops_ring, nicolae_dithmenos_the_darkroom,
          mainiacjoe_overflow_boulevard
D:5:      layout_basic, nicolae_vehumet_altar_sigil, nrook_mini_vaults,
          kennysheep_crisscross, uniq_grinder
D:6:      layout_basic, mainiacjoe_overflow_surrounded_room, led_xom_imps,
          temple_fountains, uniq_pikel, uniq_maggie
D:7:      layout_basic, grunt_temple_overflow_forces_of_nature,
          kennysheep_little_box, kennysheep_vampire_church,
          nicolae_phantomly_mirrored
D:8:      layout_basic, serial_shops, nicolae_shop_just_a_little_nook,
          grunt_livestock, hangedman_misty_isle
D:9:      minmay_spotlight, layout_gridville, mainiacjoe_overflow_tiny_flanked,
          uniq_psyche, uniq_harold
D:10:     layout_rooms, david_orc_3, serial_shops, shop, uniq_maurice
D:11:     layout_basic, due_lair_maze_entry_diamond,
          serial_library_hellmonk_statue_hall, nicolae_guarded_unrand_slippers,
          uniq_sonja
D:12:     layout_small_grid, hangedman_decor_peaks_small,
          kennysheep_windowed_goal
D:13:     layout_roguey, david_vaults_3, portal_ice_cave_entry_pillars_1
D:14:     minmay_inside_and_out, layout_basic, nicolae_titane
D:15:     hangedman_crystal_crosses_colossus [crystal_crosses_arms_four,
          crystal_crosses_arms_two, crystal_crosses_arms_two]
Lair:1:   layout_regular_city, ebering_ghost_rock_garden,
          pdpol_lair_cavern_descent, serial_bayou_shore_b
Lair:2:   nzn_winding_woodlands_small [nzn_winding_woodlands_5x15_sawtooth,
          nzn_winding_woodlands_center_lodge,
          nzn_winding_woodlands_5x15_lazy_stream], layout_layer_cave,
          minmay_shoals_entry_lonely_mermaid, st_stairs_13
Lair:3:   layout_cave_shapes, minmay_snake_entry_six_corridors, enter_volcano_2
Lair:4:   layout_cave_pods, gammafunk_ghost_split
Lair:5:   guppyfry_lair_end_dragon, layout_long_grid,
          hangedman_lair_tendril_chambers, slime_entry_1, serial_bayou_pond_c,
          grunt_forest_stairs_basic, chequers_serial_rivers_small_b, uniq_snorg
Orc:1:    nicolae_orc_accident_2, layout_diamond_mine,
          ebering_ghost_reflecting_pool
Orc:2:    st_orc_congregation, layout_diamond_mine

Skill      XL: |  1  2  3  4  5  6  7  8  9 10 11 12 13 14 15 16 17 |
---------------+----------------------------------------------------+-----
Evocations     | 2 4 5 6 10 | 10.0
Axes           | 3 4 6 7 9 10 13 15 16 18 20 | 20.0
Fighting       | 5 6 10 11 12 13 15 | 15.0
Armour         | 2 8 9 12 | 12.6
Dodging        | 5 10 | 10.0
Stealth        | |  4.1

Action                     |  1- 3 |  4- 6 |  7- 9 | 10-12 | 13-15 | 16-18 || total
---------------------------+-------+-------+-------+-------+-------+-------++-------
  Melee: Hand axe          |    26 |    74 |       |       |       |       ||   100
         War axe           |    23 |   103 |    56 |       |       |   258 ||   440
         Flail             |       |    21 |    57 |       |       |       ||    78
         Broad axe         |       |       |    70 |   326 |   897 |   390 ||  1683
         Trident           |       |       |    69 |   385 |   122 |       ||   576
         Unarmed           |       |       |       |       |     7 |       ||     7
 Invoke: Berserk           |       |       |       |    19 |    25 |     8 ||    52
         Trog's Hand       |       |       |       |     1 |     2 |     3 ||     6
  Evoke: Wand              |     2 |     1 |     7 |     3 |     4 |       ||    17
         Phantom mirror    |       |       |       |       |     1 |       ||     1
         Lightning rod     |       |       |       |       |     4 |       ||     4
    Use: Scroll            |       |       |     3 |    16 |    12 |     6 ||    37
         Potion            |       |       |     1 |     1 |     1 |       ||     3
   Stab: Sleeping          |     3 |     1 |       |       |       |       ||     4
         Paralysed         |       |       |       |     2 |     2 |       ||     4
         Petrified         |       |       |       |       |     7 |       ||     7
         Petrifying        |       |       |       |       |     1 |       ||     1
 Armour: Leather armour    |    14 |     2 |       |       |       |       ||    16
         Chain mail        |       |    55 |       |       |   338 |   249 ||   642
         Ring mail         |       |     2 |       |       |       |       ||     2
         Plate armour      |       |    75 |   169 |   396 |   186 |       ||   826
         Skin              |       |       |       |       |     1 |       ||     1
  Dodge: Dodged            |    17 |    38 |    35 |    93 |   202 |   244 ||   629
         Repelled          |       |       |       |     1 |     5 |    21 ||    27

Table legend: (Time is in decaauts)
 A = Elapsed time spent in this place.
 B = Non-inter-level travel time spent in this place.
 C = Inter-level travel time spent in this place.
 D = Time resting spent in this place.
 E = Time spent auto-exploring this place.
 F = Levels seen in this place.
 G = Mean time per level.
                   A        B        C        D        E       F      G
               +--------+--------+--------+--------+--------+-----+--------+
         Total |  28619 |  27326 |   1293 |   8568 |  13809 |  26 | 1100.7 |
       Dungeon |  17338 |  16344 |    994 |   4793 |   8818 |  15 | 1155.9 |
          Lair |   8434 |   8153 |    281 |   2746 |   4154 |   5 | 1686.8 |
  Orcish Mines |    856 |    840 |     16 |      0 |    642 |   2 |  428.0 |
         Abyss |    393 |    393 |      0 |     81 |      0 |   2 |  196.5 |
      Ice Cave |    758 |    758 |      0 |    416 |    120 |   1 |  758.0 |
       Volcano |    837 |    837 |      0 |    531 |     74 |   1 |  837.0 |
               +--------+--------+--------+--------+--------+-----+--------+

Top non-repeatable levels by time:
  Lair:5: 2129 daAuts
  Lair:2: 1856 daAuts
     D:9: 1855 daAuts
  Lair:4: 1670 daAuts
  Lair:1: 1625 daAuts
    D:12: 1505 daAuts
    D:11: 1448 daAuts
    D:15: 1404 daAuts
     D:7: 1366 daAuts
     D:5: 1299 daAuts
    D:14: 1250 daAuts
     D:6: 1226 daAuts
  Lair:3: 1151 daAuts
    D:10: 1135 daAuts
     D:8: 1066 daAuts
